MWL (24 & UNDER)
ERIE JAXX @ WISCONSIN RAPIDS RANGERS
09/06/2023
 
TOP OF THE 1ST
Erie Jaxx batting - Pitching for Wisconsin Rapids Rangers : LHP Manuel Perea
Pitching: LHP Manuel Perea
Batting: RHB Bo Vickers 0-0: Ball
1-0: Ball
2-0: Ball
3-0: Called Strike
3-1: Base on Balls
Batting: SHB Ben Marks 0-0: Ball
1-0: Ball
2-0: Called Strike
2-1: Ball
3-1: Foul Ball, location: 2F
3-2: Base on Balls
Bo Vickers to second
Batting: SHB Pedro Martínez 0-0: Swinging Strike
0-1: Ball
1-1: Called Strike
1-2: Strikes out swinging
Batting: LHB Jesús González 0-0: Foul Ball, location: 2F
0-1: Foul Ball, location: 2F
0-2: Strikes out swinging
Batting: RHB Luis Alou 0-0: Called Strike
0-1: Ball
1-1: Swinging Strike
1-2: Strikes out swinging
Top of the 1st over - 0 run(s), 0 hit(s), 0 error(s), 2 left on base; Erie 0 - Wisconsin Rapids 0
BOTTOM OF THE 1ST
Wisconsin Rapids Rangers batting - Pitching for Erie Jaxx : RHP Luis De Los Ángeles
Pitching: RHP Luis De Los Ángeles
Batting: RHB Troy Reed 0-0: Called Strike
0-1: Ball
1-1: Ball
2-1: Foul Ball, location: 2F
2-2: Strikes out swinging
Batting: RHB James Jenkins 0-0: Called Strike
0-1: Ground out 1-3 (Groundball, 13)
Batting: LHB Ramón Córdova 0-0: Ground out 6-3 (Groundball, 6)
Bottom of the 1st over - 0 run(s), 0 hit(s), 0 error(s), 0 left on base; Erie 0 - Wisconsin Rapids 0
TOP OF THE 2ND
Erie Jaxx batting - Pitching for Wisconsin Rapids Rangers : LHP Manuel Perea
Batting: SHB Héctor Barajas 0-0: Ball
1-0: Ball
2-0: Ball
3-0: Base on Balls
Batting: RHB Guaspar Vasche 0-0: Ball
1-0: Called Strike
1-1: Called Strike
1-2: Strikes out swinging
Batting: RHB Raúl Ruíz 0-0: Called Strike
0-1: Foul Ball, location: 2F
0-2: Ball
1-2: Ball
2-2: Strikes out looking
Batting: RHB José Darias 0-0: Ball
1-0: Foul Ball, location: 2F
1-1: Called Strike
1-2: Fly out, F6 (Popup, 7S)
Top of the 2nd over - 0 run(s), 0 hit(s), 0 error(s), 1 left on base; Erie 0 - Wisconsin Rapids 0
BOTTOM OF THE 2ND
Wisconsin Rapids Rangers batting - Pitching for Erie Jaxx : RHP Luis De Los Ángeles
Batting: SHB José López 0-0: Ball
1-0: SINGLE (Groundball, 6MD)
Batting: RHB Arturo Rodríguez 0-0: Ball
1-0: Ball
2-0: Called Strike
2-1: Called Strike
2-2: Ball
José López steals 2nd base
3-2: Foul Ball, location: 2F
3-2: Strikes out swinging
Batting: RHB Earl Conrad 0-0: Called Strike
0-1: Ball
1-1: SINGLE (Groundball, 6MD)
José López to third
Batting: RHB Paul Richard 0-0: Ball
1-0: Ball
2-0: Called Strike
2-1: Swinging Strike
2-2: Strikes out looking
Batting: RHB John Denton 0-0: Called Strike
0-1: SINGLE (Groundball, 4MD)
José López scores
Earl Conrad to second
Batting: RHB Robert Acosta 0-0: Ball
1-0: Called Strike
1-1: Foul Ball, location: 2F
1-2: Ball
2-2: Ball
3-2: Fly out, F7 (Flyball, 7LM)
Bottom of the 2nd over - 1 run(s), 3 hit(s), 0 error(s), 2 left on base; Erie 0 - Wisconsin Rapids 1
TOP OF THE 3RD
Erie Jaxx batting - Pitching for Wisconsin Rapids Rangers : LHP Manuel Perea
Batting: RHB Bo Vickers 0-0: Ground out 5-3 (Groundball, 56S)
Batting: SHB Ben Marks 0-0: Ball
1-0: Ball
2-0: Foul Ball, location: 2F
2-1: Ball
3-1: Foul Ball, location: 2F
3-2: Strikes out swinging
Batting: SHB Pedro Martínez 0-0: Ball
1-0: Foul Ball, location: 2F
1-1: Fly out, F7 (Flyball, 7D)
Top of the 3rd over - 0 run(s), 0 hit(s), 0 error(s), 0 left on base; Erie 0 - Wisconsin Rapids 1
BOTTOM OF THE 3RD
Wisconsin Rapids Rangers batting - Pitching for Erie Jaxx : RHP Luis De Los Ángeles
Batting: RHB Troy Reed 0-0: Ball
1-0: Swinging Strike
1-1: Swinging Strike
1-2: Strikes out swinging
Batting: RHB James Jenkins 0-0: Fly out, F8 (Flyball, 8RXD)
Batting: LHB Ramón Córdova 0-0: Fly out, F8 (Flyball, 8LM)
Bottom of the 3rd over - 0 run(s), 0 hit(s), 0 error(s), 0 left on base; Erie 0 - Wisconsin Rapids 1
TOP OF THE 4TH
Erie Jaxx batting - Pitching for Wisconsin Rapids Rangers : LHP Manuel Perea
Batting: LHB Jesús González 0-0: Swinging Strike
0-1: Ball
1-1: Swinging Strike
1-2: Ball
2-2: Strikes out looking
Batting: RHB Luis Alou 0-0: Ball
1-0: Called Strike
1-1: Ball
2-1: Ball
3-1: Base on Balls
Batting: SHB Héctor Barajas 0-0: Ball
1-0: Foul Ball, location: 2F
1-1: Ball
2-1: Fly out, F5 (Popup, 25)
Batting: RHB Guaspar Vasche 0-0: Swinging Strike
0-1: Foul Ball, location: 2F
0-2: Strikes out swinging
Top of the 4th over - 0 run(s), 0 hit(s), 0 error(s), 1 left on base; Erie 0 - Wisconsin Rapids 1
BOTTOM OF THE 4TH
Wisconsin Rapids Rangers batting - Pitching for Erie Jaxx : RHP Luis De Los Ángeles
Batting: SHB José López 0-0: Ball
1-0: Ball
2-0: Foul Ball, location: 2F
2-1: Ball
3-1: Base on Balls
Batting: RHB Arturo Rodríguez 0-0: Called Strike
0-1: Ball
1-1: Ball
2-1: SINGLE (Line Drive, 8LS)
José López to second
Batting: RHB Earl Conrad 0-0: Ball
1-0: Swinging Strike
1-1: Foul Ball, location: 2F
1-2: Ball
2-2: Strikes out looking
Batting: RHB Paul Richard 0-0: 3-RUN HOME RUN (Flyball, 78XD), Distance : 387 ft
Batting: RHB John Denton 0-0: Ball
1-0: Ball
2-0: Ball
3-0: Called Strike
3-1: Ground out 5-3 (Groundball, 5L)
Batting: RHB Robert Acosta 0-0: Ground out 5-3 (Groundball, 5)
Bottom of the 4th over - 3 run(s), 2 hit(s), 0 error(s), 0 left on base; Erie 0 - Wisconsin Rapids 4
TOP OF THE 5TH
Erie Jaxx batting - Pitching for Wisconsin Rapids Rangers : LHP Manuel Perea
Batting: RHB Raúl Ruíz 0-0: Ball
1-0: Foul Ball, location: 2F
1-1: Swinging Strike
1-2: Ball
2-2: Ball
3-2: Foul Ball, location: 2F
3-2: Foul Ball, location: 2F
3-2: Base on Balls
Batting: RHB José Darias 0-0: Ball
1-0: Foul Ball, location: 2F
1-1: Ball
2-1: Ball
3-1: Fly out, F2 (Popup, 2LF)
Batting: RHB Bo Vickers 0-0: Ball
1-0: Ball
2-0: SINGLE (Line Drive, 7S)
Raúl Ruíz to second
Pitching: LHP Russell Neal
Batting: SHB Ben Marks 0-0: Called Strike
0-1: Foul Ball, location: 2F
0-2: Ball
1-2: Strikes out looking
Batting: SHB Pedro Martínez 0-0: Called Strike
0-1: Ball
1-1: Called Strike
1-2: Ball
2-2: Strikes out swinging
Top of the 5th over - 0 run(s), 1 hit(s), 0 error(s), 2 left on base; Erie 0 - Wisconsin Rapids 4
BOTTOM OF THE 5TH
Wisconsin Rapids Rangers batting - Pitching for Erie Jaxx : RHP Luis De Los Ángeles
Batting: RHB Troy Reed 0-0: Swinging Strike
0-1: Swinging Strike
0-2: Foul Ball, location: 2F
0-2: Ball
1-2: Foul Ball, location: 2F
1-2: Foul Ball, location: 2F
1-2: Foul Ball, location: 2F
1-2: Ball
2-2: Foul Ball, location: 2F
2-2: Ball
3-2: Ground out 5-3 (Groundball, 5S)
Batting: RHB James Jenkins 0-0: Swinging Strike
0-1: Foul Ball, location: 2F
0-2: Strikes out swinging
Batting: LHB Ramón Córdova 0-0: Foul Ball, location: 2F
0-1: SINGLE (Groundball, 34D)
Batting: SHB José López 0-0: Ball
1-0: Swinging Strike
1-1: Called Strike
1-2: Ball
2-2: Foul Ball, location: 2F
2-2: Ball
3-2: Strikes out swinging
Bottom of the 5th over - 0 run(s), 1 hit(s), 0 error(s), 1 left on base; Erie 0 - Wisconsin Rapids 4
TOP OF THE 6TH
Erie Jaxx batting - Pitching for Wisconsin Rapids Rangers : LHP Russell Neal
Batting: LHB Jesús González 0-0: Called Strike
0-1: Ball
1-1: Foul Ball, location: 2F
1-2: Ball
2-2: Ball
3-2: Base on Balls
Batting: RHB Luis Alou 0-0: Called Strike
0-1: SINGLE (Line Drive, 6MD)
Jesús González to second
Batting: SHB Héctor Barajas 0-0: Ground out 5-3 (Groundball, 56S)
Jesús González to third
Luis Alou to second
Batting: RHB Guaspar Vasche 0-0: Called Strike
0-1: Ball
1-1: Called Strike
1-2: Strikes out swinging
Batting: RHB Raúl Ruíz 0-0: Ball
1-0: Called Strike
1-1: Ball
2-1: Called Strike
2-2: Foul Ball, location: 2F
2-2: Ball
3-2: Strikes out swinging
Top of the 6th over - 0 run(s), 1 hit(s), 0 error(s), 2 left on base; Erie 0 - Wisconsin Rapids 4
BOTTOM OF THE 6TH
Wisconsin Rapids Rangers batting - Pitching for Erie Jaxx : RHP Luis De Los Ángeles
Batting: RHB Arturo Rodríguez 0-0: Ball
1-0: Called Strike
1-1: Ball
2-1: Foul Ball, location: 2F
2-2: Ball
3-2: Base on Balls
Pitching: RHP Pedro Mendoza
Batting: RHB Earl Conrad 0-0: Foul Ball, location: 2F
0-1: Fly out, F9 (Flyball, 89M)
Batting: RHB Paul Richard 0-0: Called Strike
0-1: Foul Ball, location: 2F
0-2: Ball
1-2: Foul Ball, location: 2F
1-2: Foul Ball, location: 2F
1-2: Foul Ball, location: 2F
1-2: Ball
2-2: Foul Ball, location: 2F
2-2: Foul Ball, location: 2F
2-2: Strikes out swinging
Batting: RHB John Denton 0-0: Called Strike
0-1: Swinging Strike
0-2: Foul Ball, location: 2F
0-2: Foul Ball, location: 2F
0-2: Foul Ball, location: 2F
0-2: Fly out, F4 (Line Drive, 4M)
Bottom of the 6th over - 0 run(s), 0 hit(s), 0 error(s), 1 left on base; Erie 0 - Wisconsin Rapids 4
TOP OF THE 7TH
Erie Jaxx batting - Pitching for Wisconsin Rapids Rangers : LHP Russell Neal
Batting: RHB José Darias 0-0: Ball
1-0: Ball
2-0: Ball
3-0: Called Strike
3-1: Base on Balls
Batting: RHB Bo Vickers 0-0: Ball
1-0: Ball
2-0: Swinging Strike
2-1: Called Strike
2-2: Strikes out swinging
Pitching: LHP Steve Alexander
Batting: SHB Ben Marks 0-0: Ball
1-0: Called Strike
1-1: Foul Ball, location: 2F
1-2: Ball
2-2: Foul Ball, location: 2F
2-2: Ball
3-2: Foul Ball, location: 2F
3-2: Fly out, F9 (Flyball, 9M)
Batting: SHB Pedro Martínez 0-0: Swinging Strike
0-1: Ball
1-1: Ball
2-1: Foul Ball, location: 2F
2-2: Ball
3-2: DOUBLE (Line Drive, 7LS)
José Darias to third
José Darias scores
Batting: LHB Jesús González 0-0: Ball
1-0: Called Strike
1-1: Foul Ball, location: 2F
1-2: Strikes out looking
Top of the 7th over - 1 run(s), 1 hit(s), 0 error(s), 1 left on base; Erie 1 - Wisconsin Rapids 4
BOTTOM OF THE 7TH
Wisconsin Rapids Rangers batting - Pitching for Erie Jaxx : RHP Pedro Mendoza
Batting: RHB Robert Acosta 0-0: Ball
1-0: Fly out, F8 (Line Drive, 8LS)
Batting: RHB Troy Reed 0-0: SINGLE (Groundball, 34D)
Batting: RHB James Jenkins 0-0: Swinging Strike
0-1: Swinging Strike
0-2: Ball
1-2: Ball
2-2: Strikes out swinging
Batting: LHB Ramón Córdova 0-0: Ball
1-0: Fly out, F8 (Line Drive, 8RM)
Bottom of the 7th over - 0 run(s), 1 hit(s), 0 error(s), 1 left on base; Erie 1 - Wisconsin Rapids 4
TOP OF THE 8TH
Erie Jaxx batting - Pitching for Wisconsin Rapids Rangers : LHP Steve Alexander
Batting: RHB Luis Alou 0-0: Ground out 1-3 (Groundball, 15)
Batting: SHB Héctor Barajas 0-0: Ball
1-0: Foul Ball, location: 2F
1-1: Ball
2-1: Ball
3-1: Foul Ball, location: 2F
3-2: Base on Balls
Pitching: RHP Jorge Flores
Batting: RHB Guaspar Vasche 0-0: Called Strike
0-1: Swinging Strike
0-2: Ball
1-2: Strikes out swinging
Batting: RHB Raúl Ruíz 0-0: Ball
1-0: Ball
2-0: Ball
3-0: Base on Balls
Héctor Barajas to second
Batting: RHB José Darias 0-0: Foul Ball, location: 2F
0-1: Foul Ball, location: 2F
0-2: Ball
1-2: Ball
2-2: Foul Ball, location: 2F
2-2: Ball
3-2: Fly out, F7 (Flyball, 78S)
Top of the 8th over - 0 run(s), 0 hit(s), 0 error(s), 2 left on base; Erie 1 - Wisconsin Rapids 4
BOTTOM OF THE 8TH
Wisconsin Rapids Rangers batting - Pitching for Erie Jaxx : RHP Pedro Mendoza
Pitching: RHP Ronald Cotton
Batting: SHB José López 0-0: SINGLE (Groundball, 5S) (infield hit)
Batting: RHB Arturo Rodríguez 0-0: Ball
1-0: Ball
2-0: Foul Ball, location: 2F
2-1: Foul Ball, location: 2F
2-2: Ball
3-2: Foul Ball, location: 2F
3-2: Strikes out looking
Batting: RHB Earl Conrad 0-0: Ball
José López is caught stealing 2nd base
1-0: Ball
2-0: Ball
3-0: Called Strike
3-1: Called Strike
3-2: Foul Ball, location: 2F
3-2: Base on Balls
Batting: RHB Paul Richard 0-0: Ball
1-0: Foul Ball, location: 2F
1-1: Ground out 1-3 (Groundball, 13S)
Bottom of the 8th over - 0 run(s), 1 hit(s), 0 error(s), 1 left on base; Erie 1 - Wisconsin Rapids 4
TOP OF THE 9TH
Erie Jaxx batting - Pitching for Wisconsin Rapids Rangers : RHP Jorge Flores
Pitching: RHP Júlio Feliciano
Batting: RHB Bo Vickers 0-0: SOLO HOME RUN (Line Drive, 7LD), Distance : 337 ft
Batting: SHB Ben Marks 0-0: Ball
1-0: Called Strike
1-1: Foul Ball, location: 2F
1-2: Ball
2-2: Ball
3-2: Foul Ball, location: 2F
3-2: Strikes out swinging
Batting: SHB Pedro Martínez 0-0: Ball
1-0: Ball
2-0: Ball
3-0: Called Strike
3-1: Base on Balls
Batting: LHB Jesús González 0-0: SINGLE (Line Drive, 9S)
Pedro Martínez to second
Pinch Hitting: LHB Mark Everett 0-0: Called Strike
0-1: Called Strike
0-2: SINGLE (Groundball, 34D)
Pedro Martínez to third
Jesús González to second
Runner from 3rd tries for Home, SAFE, no throw or cutoff
Pinch Hitting: LHB Sean Perkins 0-0: SINGLE (Groundball, 34S)
Jesús González to third
Mark Everett to second
Runner from 3rd tries for Home, SAFE, no throw or cutoff
Pinch Hitting: RHB Richard Bankhead 0-0: Swinging Strike
0-1: Fly out, F7 (Flyball, 78M)
Pinch Hitting: RHB Juan Reyes 0-0: Ball
1-0: Called Strike
1-1: Ball
2-1: Foul Ball, location: 2F
2-2: Strikes out looking
Top of the 9th over - 3 run(s), 4 hit(s), 0 error(s), 2 left on base; Erie 4 - Wisconsin Rapids 4
BOTTOM OF THE 9TH
Wisconsin Rapids Rangers batting - Pitching for Erie Jaxx : RHP Ronald Cotton
Now at C: Steve Clifton
Now at 1B: Mark Everett
Now at SS: Juan Reyes
Now in LF: Richard Bankhead
Pinch Hitting: SHB Ricardo Arévalo 0-0: Called Strike
0-1: Ball
1-1: Ball
2-1: Ball
3-1: Called Strike
3-2: Base on Balls
Pinch Runner at 1st Kevin Smith:
Batting: RHB Robert Acosta 0-0: Reached on error, E5 (Groundball, 5L)
Kevin Smith to second
Pinch Hitting: RHB Vernon Romo 0-0: 3-RUN HOME RUN (Flyball, 78XD), Distance : 366 ft
This league is powered by Out of the Park Baseball, the baseball management simulation game for PC, Mac and Linux
Wednesday, December 2nd, 2015 - OOTP Baseball 16.8 Build 38